 Dungeon Crawl Stone Soup version 0.27.1-34-g3ba077fa99 (webtiles) character file.

Game seed: 1207967731242772824

114 pkoi the Ruffian (level 4, -4/40 HPs)
             Began as a Draconian Monk on Jan 13, 2022.
             Slain by Grinder (5 damage)
             ... while paralysed by Grinder
             ... on level 3 of the Dungeon.
             The game lasted 00:02:59 (3848 turns).

pkoi the Ruffian (Draconian Monk)                   Turns: 3848, Time: 00:03:00

Health: -4/40      AC:  5    Str: 14    XL:     4   Next: 66%
Magic:  4/4        EV:  2    Int: 11    God:
Gold:   115        SH:  0    Dex: 13    Spells: 3/3 levels left

rFire    . . .     SeeInvis .     - Unarmed
rCold    . . .     Faith    .   (no shield)
rNeg     . . .     Spirit   .   (armour unavailable)
rPois    .         Reflect  .   (helmet restricted)
rElec    .         Harm     .   (no cloak)
rCorr    .         Rampage  .   (no gloves)
Will     .....                  (no boots)
Stlth    ++........             (no amulet)
HPRegen  0.13/turn              (no ring)
MPRegen  0.09/turn              (no ring)

@: paralysed
A: AC +5, unfitting armour, cold-blooded
a: no special abilities


You were on level 3 of the Dungeon.
You visited 1 branch of the dungeon, and saw 3 of its levels.

You collected 115 gold pieces.

Inventory:

Missiles
 b - 19 poisoned darts (quivered)
Wands
 c - a wand of flame (18)
Scrolls
 d - 6 scrolls of identify {unknown}
 g - a scroll of noise {unknown}
Potions
 a - 2 potions of curing {unknown}
 f - a potion of flight {unknown}
 h - a potion of invisibility {unknown}


   Skills:
 - Level 4.0 Fighting
 - Level 3.0 Dodging
 - Level 1.7 Stealth
 + Level 4.9 Unarmed Combat


You had 3 spell levels left.
You didn't know any spells.
Your spell library was empty.

Dungeon Overview and Level Annotations

Branches:
Dungeon (3/15)

Altars:
Fedhas

Annotations:
D:3 Grinder, Sigmund


Innate Abilities, Weirdness & Mutations

Your plain brown scales are hard. (AC +5)
You cannot fit into any form of body armour.
You are cold-blooded and may be slowed by cold attacks.


Message History

The magic dart hits you.
There is an open door here.
Sigmund points at you and mumbles some strange words.
The puff of flame misses you.
There is a stone staircase leading up here.
You climb upwards.
Reactivating autopickup.
There is a stone staircase leading down here.
There is a stone staircase leading down here.
You start resting.
HP restored.
You climb downwards.
Level annotation: Sigmund
There is a stone staircase leading up here.
Unknown command.
Grinder comes into view.
Grinder gestures at you. Pain shoots through your body!
It was a potion of heal wounds.
You feel much better.
You hit Grinder.
Grinder is lightly wounded.
Grinder hits you.
You writhe in agony.
You hit Grinder.
Grinder is lightly wounded.
Grinder gestures at you.
You suddenly lose the ability to move!
Grinder hits you!
You writhe in agony.
Grinder hits you!
* * * LOW HITPOINT WARNING * * *
You writhe in agony.
* * * LOW HITPOINT WARNING * * *
Grinder hits you but does no damage. Grinder hits you.
* * * LOW HITPOINT WARNING * * *
You writhe in agony.
* * * LOW HITPOINT WARNING * * *
Grinder hits you!
* * * LOW HITPOINT WARNING * * *
You writhe in agony.
You die...

#. ####### #.
......#### #.
......##.# ..
.........#.# #.
########.#.# #. ###
#........#.####5###.#
#.#####..#.##...@...#
#<#..#.##.#.###.#
#....#.##.#.# #.#
#.#..#.##.#.# #.#
#.#.##.##.#.# #.#
###.......#.# #.#
#.######.#....###.#
.........#........#
#.###############.#


You could see Grinder.

Vanquished Creatures
  3 adders
  5 ball pythons
  8 bats
  6 endoplasms
  3 giant cockroaches
  6 goblins
  8 hobgoblins
  7 quokkas
  2 frilled lizards
  9 kobolds
  28 rats
85 creatures vanquished.

Notes
Turn   | Place    | Note
-------+----------+-------------------------------------------
     0 | D:1      | pkoi the Draconian Monk began the quest for the Orb.
     0 | D:1      | Reached XP level 1. HP: 19/19 MP: 1/1
   302 | D:1      | Reached XP level 2. HP: 9/26 MP: 2/2
  1191 | D:1      | Reached XP level 3. HP: 33/33 MP: 3/3
  2205 | D:2      | Reached XP level 4. HP: 27/40 MP: 4/4
  3591 | D:3      | Found a blossoming altar of Fedhas.
  3657 | D:3      | Noticed Sigmund
  3840 | D:3      | Noticed Grinder
  3843 | D:3      | Paralysed by Grinder for 7 turns
  3848 | D:3      | HP: 1/40 [Grinder (7)]
  3848 | D:3      | Slain by Grinder

Illustrated notes

Levels and vault maps discovered:
D:1:      lemuel_arrival_hallway, layout_loops_ring, st_stairs_1,
          minmay_hexomino_u4
D:2:      layout_rooms, minmay_rat_hole
D:3:      layout_basic, grunt_temple_overflow_forces_of_nature, st_stairs_4,
          hex_medium, uniq_grinder, uniq_crazy_yiuf_cottage, uniq_sigmund

Skill      XL: |  1  2  3 |
---------------+----------+-----
Dodging        | 3 |  3.0
Fighting       | 4 |  4.0
Unarmed Combat | 4 |  4.9
Stealth        | |  1.7

Action                   |  1- 3 |  4- 6 || total
-------------------------+-------+-------++-------
Melee: Unarmed           |   186 |    71 ||   257
       Tailslap          |    12 |     6 ||    18
       Punch             |     2 |     2 ||     4
  Use: Potion            |       |     1 ||     1
 Stab: Sleeping          |     2 |       ||     2
       Distracted        |       |     1 ||     1
Armor: Skin              |    72 |    21 ||    93
Dodge: Dodged            |   130 |    38 ||   168
